 Dungeon Crawl Stone Soup version 0.14-a0-1653-g0ad7a2c (webtiles) character file.

71 Egregious the Charlatan (level 3, -2/26 HPs)
             Began as a Demonspawn Artificer on Dec 27, 2013.
             Slain by Terence
             ... wielding a +0,+0 mace
              (8 damage)
             ... on Level 2 of the Dungeon on Dec 28, 2013.
             The game lasted 00:12:48 (1399 turns).

Egregious the Charlatan (Demonspawn Artificer)      Turns: 1399, Time: 00:12:49

HP  -2/26        AC  2     Str 11      XL: 3   Next: 16%
MP   4/4         EV 12     Int 13      God:
Gold 36          SH  0     Dex 14      Spells:  0 memorised,  2 levels left

rFire  . . .     SeeInvis .     a - +0 short sword
rCold  + . .     Clarity  .     u - +0 robe (curse)
rNeg   . . .     Conserve .     (no shield)
rPois  .         rCorr    .     (helmet restricted)
rElec  .         rRot     .     (no cloak)
SustAb . .       Spirit   .     (no gloves)
rMut   .         Warding  .     (no boots)
Saprov . . .     Stasis   .     (no amulet)
                                (no ring)
                                g - ring of protection from cold

@: not resistant to hostile enchantments, unstealthy
A: antennae 1
a: no special abilities


You were on level 2 of the Dungeon.
You were not hungry.

You visited 1 branch of the dungeon, and saw 2 of its levels.

You collected 36 gold pieces.

Inventory:

Hand weapons
 a - a +0,+0 short sword (weapon)
Armour
 e - a +0 leather armour
 u - a cursed +0 robe (worn)
Magical devices
 b - a wand of flame (3)
 c - a wand of enslavement (15)
 d - a wand of random effects (15)
Comestibles
 f - 3 bread rations
 l - a rotting chunk of giant newt flesh
 m - a rambutan
 p - a meat ration
 q - a chunk of adder flesh
Jewellery
 g - a ring of protection from cold (left hand)
 r - an uncursed amulet of the gourmand {unknown}
Potions
 h - a potion of confusion {unknown}
 j - a potion of speed {unknown}
 k - a potion of lignification {unknown}
 n - 2 potions of degeneration {unknown}
 o - 2 potions of resistance {unknown}
 t - a potion of invisibility {unknown}


   Skills:
 - Level 1.0 Fighting
 + Level 2.8 Short Blades
 - Level 1.7 Dodging
 - Level 0.8 Stealth
 - Level 3.0 Evocations


You had 2 spell levels left.
You didn't know any spells.

Dungeon Overview and Level Annotations

Branches:
Dungeon (2/16)

Altars:

Annotations:
D:2 Terence


Innate Abilities, Weirdness & Mutations

You have a pair of small antennae on your head.


Message History

Press: ? - help, Shift-Dir - straight line, f/p - Terence
Aim: Terence, wielding a mace and wearing a chain mail (severely wounded)
The puff of flame hits Terence.
Terence is almost dead.
This wand has 5 charges left.
Evoke which item? (* to show all) (? for menu, Esc to quit)
Zapping:
b - a wand of flame (5)
Press: ? - help, Shift-Dir - straight line, f/p - Terence
Aim: Terence, wielding a mace and wearing a chain mail (almost dead)
The puff of flame hits Terence.
Terence is almost dead.
This wand has 4 charges left.
Terence hits you but does no damage.
Evoke which item? (* to show all) (? for menu, Esc to quit)
Zapping:
b - a wand of flame (4)
Press: ? - help, Shift-Dir - straight line, f/p - Terence
Aim: Terence, wielding a mace and wearing a chain mail (almost dead)
The puff of flame hits Terence.
Terence appears unharmed.
Terence is almost dead.
This wand has 3 charges left.
Terence hits you with a mace!
You die...

#.##.# #.#.# #.##.#
#.#.#
#.##.#####(#.######
#.................##
####........(.....<#
#######.#.##.###..#
#.#.#..# .##
#.#.#@.###..#.
#.#.@(.......#
#.###(##...... ..#
#....###### ###
####.# #


You could see Terence.

Vanquished Creatures
  An adder (D:2)
  A ball python (D:1)
  6 bats (D:1)
  2 giant cockroaches (D:1)
  2 goblins (D:1)
  2 hobgoblins (D:1)
  2 giant geckos (D:1)
  4 giant newts (D:1)
  3 kobolds (D:1)
  4 rats (D:1)
27 creatures vanquished.

Notes
Turn   | Place    | Note
--------------------------------------------------------------
     0 | D:1      | Egregious, the Demonspawn Artificer, began the quest for the Orb.
     0 | D:1      | Reached XP level 1. HP: 15/15 MP: 1/1
    23 | D:1      | Reached skill level 1 in Short Blades
   459 | D:1      | Gained mutation: You have a pair of small antennae on your head. [demonic ancestry]
   459 | D:1      | Reached XP level 2. HP: 15/21 MP: 3/3
  1332 | D:2      | Reached XP level 3. HP: 26/26 MP: 4/4
  1348 | D:2      | Noticed Terence
  1399 | D:2      | Slain by Terence

Action                   || total
-------------------------++-------
Melee: Short sword       ||   116
Evoke: Wand              ||    12
  Use: Scroll            ||     4
